Map: Daybreak LE (Void)

Players

Jorm - Winner!

  • Race: Protoss Protoss
  • Spawn Location: 7:00

A.I. 1 (Medium)

  • Race: Terran Terran
  • Spawn Location: 1:00

VOD

Have the link to the VOD?

Description

Time

  • Played on: Dec. 19, 2016, 1:04 a.m.
  • Length: 6:35
Show
View Real Time Build Order
Export as new Build Order

Jorm Protoss - Winner!

Build Orders: Blink Stalkers 

Get SALT Encoding   

  12  0:03  Probe (Chrono Boost)  
  13  0:13  Probe (Chrono Boost)  
  14  0:18  Pylon  
  14  0:24  Probe (Chrono Boost)  
  15  0:33  Assimilator  
  15  0:36  Probe (Chrono Boost)  
  16  0:45  Gateway  
  16  0:48  Probe (Chrono Boost)  
  17  0:54  Assimilator  
  17  0:58  Probe (Chrono Boost)  
  18  1:06  Pylon  
  18  1:13  Probe (Chrono Boost)  
  19  1:23  Probe (Chrono Boost)  
  20  1:34  Probe (Chrono Boost)  
  21  1:44  Probe (Chrono Boost)  
  21  1:46  Gateway  
  22  1:47  Gateway  
  22  1:57  Cybernetics Core  
  22  2:20  Warp Gate  
  22  2:35  Stalker x3, Mothership Core (Chrono Boost)  
  30  2:54  Twilight Council  
  30  2:57  Pylon  
  30  3:14  Stalker x2  
  30  3:19  Stalker  
  36  3:26  Blink  
  36  3:43  Pylon  
  36  3:44  Stalker  
  38  4:01  Stalker x2  
  42  4:08  Pylon  
  42  4:17  Pylon  
  42  4:24  Pylon  
  42  4:35  Stalker  
  44  4:41  Stalker  
  46  4:47  Stalker  
  48  4:58  Stalker  
  50  5:04  Stalker  
  52  5:12  Stalker  
  54  5:21  Stalker  
  56  5:29  Stalker  
  58  5:38  Stalker  
  60  5:47  Stalker  
Show
View Real Time Build Order
Export as new Build Order

A.I. 1 (Medium) Terran 

Build Orders:  

Get SALT Encoding   

  12  0:00  SCV  
  13  0:13  SCV  
  14  0:19  Supply Depot  
  14  0:25  SCV  
  15  0:41  SCV  
  16  0:43  Barracks  
  16  0:48  Refinery  
  16  0:53  SCV  
  17  1:05  SCV  
  18  1:18  Supply Depot  
  18  1:31  Marine  
  19  1:33  Orbital Command, Barracks  
  19  1:43  Refinery  
  19  1:50  Barracks Tech Lab  
  19  2:08  Marine  
  20  2:10  Supply Depot  
  20  2:20  Marine  
  21  2:32  Marine  
  22  2:44  Marine  
  22  2:46  Supply Depot  
  23  2:56  SCV, Marine  
  25  3:08  SCV, Marine  
  27  3:12  Engineering Bay  
  27  3:21  SCV, Marine  
  29  3:33  Marine, SCV  
  31  3:45  Marauder, SCV  
  34  3:50  Supply Depot  
  34  3:57  Marine, SCV  
  36  4:09  Marine  
  37  4:28  Marauder  
  39  4:49  Marauder  
  41  5:58  Marauder  
  33  6:10  Marine, SCV  
  26  6:13  Supply Depot  
  16  6:22  SCV  
Tags
 
Add a new tag
Caveats
  • Supply blocks, unpowered buildings, or Contaminate may cause inaccurate times.
  • Supply counts are checked every 10 seconds.